 Dungeon Crawl Stone Soup version 0.18-a0-23-g19353e1 (webtiles) character file.

40239 glosham the Impaler (level 13, -2/105 HPs)
             Began as a Demonspawn Chaos Knight on Nov 2, 2015.
             Was the Champion of Makhleb.
             Slain by a vault guard
             ... wielding a +0 glaive
              (12 damage)
             ... on level 13 of the Dungeon.
             The game lasted 05:03:23 (17888 turns).

glosham the Impaler (Demonspawn Chaos Knight)      Turns: 17888, Time: 05:03:24

Health: -2/105     AC: 17    Str: 26    XL:     13   Next: 73%
Magic:  18/18      EV: 15    Int: 13    God:    Makhleb [******]
Gold:   729        SH:  0    Dex: 15    Spells: 3 memorised, 16 levels left

rFire  . . .     SeeInvis +     a - +4 bardiche (flame)
rCold  . . .     Clarity  .     X - +3 leather armour
rNeg   . . .     SustAt   .     (shield currently unavailable)
rPois  +         Gourm    .     V - +1 helmet
rElec  .         Spirit   .     Y - +2 cloak {rPois}
rCorr  .         Warding  .     W - +0 pair of gloves
rMut   .         Stasis   .     (boots unavailable)
MR     .....                    (no amulet)
Stlth  ++........               B - +3 ring of protection
                                A - +5 ring of strength

@: mighty, not resistant to hostile enchantments, unstealthy
A: talons 3, thin metallic scales 1, see invisible, blink, nightstalker 1,
robust 1
a: Blink, Minor Destruction, Lesser Servant of Makhleb, Major Destruction,
Greater Servant of Makhleb, Renounce Religion


You were on level 13 of the Dungeon.
You worshipped Makhleb.
Makhleb was exalted by your worship.
You were hungry.

You visited 2 branches of the dungeon, and saw 15 of its levels.
You also visited: Ice Cave.

You collected 994 gold pieces.
You spent 265 gold pieces at shops.

Inventory:

Hand Weapons
 a - a +4 bardiche of flaming (weapon)
 b - a +2 trident of flaming
 c - a +0 blowgun
 d - a +1 mace of protection
Missiles
 x - 34 poisoned needles
 y - 4 curare-tipped needles
Armour
 Q - a +0 plate armour of positive energy
 R - the +1 ring mail "Isaofuf" {rF+ Int+5}
   (You found it on level 10 of the Dungeon)

   It affects your intelligence (+5).
   It protects you from fire.
 T - a +0 chain mail of magic resistance
 U - a +0 hat of cold resistance
 V - a +1 helmet (worn)
 W - a +0 pair of gloves (worn)
 X - a +3 leather armour (worn)
 Y - a +2 cloak of poison resistance (worn)
Jewellery
 A - a +5 ring of strength (left hand)
 B - a +3 ring of protection (right hand)
 D - an uncursed ring of fire
 F - an uncursed ring of flight
 S - an uncursed ring of sustain attributes
Wands
 g - a wand of teleportation (6)
 h - a wand of hasting (5)
 i - a wand of digging (17)
 j - a wand of disintegration (13)
 E - a wand of confusion (16)
Scrolls
 k - 3 scrolls of teleportation
 l - 2 scrolls of blinking
 m - 3 scrolls of fear
 n - a scroll of magic mapping
 o - a scroll of remove curse
 p - 2 scrolls of enchant armour
 q - a scroll of immolation
Potions
 e - 2 potions of ambrosia
 r - a potion of heal wounds
 s - 2 potions of curing
 t - 3 potions of cancellation
 u - 3 potions of might
 z - a potion of resistance {unknown}
 G - a potion of degeneration {unknown}
 N - a potion of magic {unknown}
Books
 w - a book of Dreams

   Spells                             Type                      Level
   a - Ensorcelled Hibernation        Hexes/Ice                    2
   b - Phase Shift                    Translocation                5
   c - Shadow Creatures               Summoning                    5
   d - Silence                        Hexes/Air                    5
   e - Darkness                       Hexes                        6
   f - Mass Confusion                 Hexes                        6
 I - a book of Changes

   Spells                             Type                      Level
   a - Beastly Appendage              Transmutation                1
   b - Sticks to Snakes               Transmutation                2
   c - Spider Form                    Transmutation/Poison         3
   d - Ice Form                       Ice/Transmutation            4
   e - Blade Hands                    Transmutation                5
Comestibles
 f - 14 bread rations
 v - a fruit
 C - 4 chunks of flesh
 H - a slice of pizza


   Skills:
 + Level 7.2 Fighting
 - Level 9.5 Maces & Flails
 * Level 16.2 Polearms
 - Level 2.0 Armour
 - Level 5.8 Dodging
 - Level 3.7 Spellcasting
 - Level 1.5 Necromancy
 - Level 3.3 Translocations
 - Level 5.1 Invocations


You had 16 spell levels left.
You knew the following spells:

 Your Spells              Type           Power        Failure   Level  Hunger
a - Apportation           Tloc           ##........   8%          1    #......
q - Corona                Hex            #......      28%         1    #......
A - Animate Skeleton      Necr           N/A          14%         1    #......


Dungeon Overview and Level Annotations

Branches:
Dungeon (13/15)            Temple (0/1) D:4            Lair (2/8) D:10
    Orc (0/4) D:11         Vaults (0/5) D:13

Altars:
Ashenzari
Cheibriados
Fedhas
Kikubaaqudgha
Makhleb
Nemelex Xobeh
Okawaru
Qazlal
Ru
Sif Muna
Trog
Vehumet
Yredelemnul
Zin

Shops:
D:4 *


Innate Abilities, Weirdness & Mutations

You have claws for feet.
You are partially covered in thin metallic scales (AC +2).
You are slightly more attuned to the shadows.
You are robust (+10% HP).
You have supernaturally acute eyesight.
You can translocate small distances at will.


Message History

You feel very mighty all of a sudden.
The vault guard hits you but does no damage.
The vault guard hits you with a long sword.
The vault guard blocks your attack.
Your kick misses the vault guard.
The vault guard is heavily wounded.
The vault guard hits you but does no damage.
The vault guard completely misses you. The vault guard blocks your attack.
You claw the vault guard.
The vault guard is heavily wounded.
The vault guard hits you with a long sword.
The vault guard blocks your attack.
Your kick misses the vault guard.
The vault guard is heavily wounded.
The vault guard hits you from afar with a glaive.
The vault guard barely misses you.
You slash the vault guard! You burn the vault guard.
Your kick misses the vault guard.
The vault guard is severely wounded.
The vault guard hits you but does no damage.
The vault guard hits you with a long sword!
* * * LOW HITPOINT WARNING * * *
The vault guard blocks your attack.
Your kick misses the vault guard.
The vault guard is severely wounded.
The vault guard misses you. The vault guard barely misses you.
The vault guard blocks your attack.
Your kick misses the vault guard.
The vault guard is severely wounded.
The vault guard hits you from afar with a glaive!
* * * LOW HITPOINT WARNING * * *
You slash the vault guard! You burn the vault guard.
Your kick misses the vault guard.
The vault guard is severely wounded.
The vault guard hits you with a long sword.
* * * LOW HITPOINT WARNING * * *
The vault guard hits you from afar with a glaive.
* * * LOW HITPOINT WARNING * * *
The vault guard blocks your attack.
Your kick misses the vault guard.
The vault guard is severely wounded.
The vault guard hits you with a long sword.
* * * LOW HITPOINT WARNING * * *
The vault guard hits you from afar with a glaive!
You die...

#################
................#
.......###......#####F.
..###..#
#......@pppppāˆ© #..#
#......#####p. #..#
#......# #..# #......#
#..# #......# #..#
#........ #..#
#.......... #<.#
#...........
#..###...........


You could see 6 vault guards and a giant frog.

Vanquished Creatures
  A frost giant (IceCv)
  2 vault guards (D:13)
  5 hydras
  3 iron golems
  The ghost of Ijustatesigmund the Thaumaturge, a novice DEWz of Vehumet (D:8)
  2 skeletal warriors (D:12)
  An unseen horror (D:10)
  2 hill giants (D:11)
  A guardian serpent (D:11)
  A moth of wrath (D:8)
  A torpor snail (Lair:2)
  A gargoyle (D:10)
  3 spiny frogs
  3 komodo dragons
  A kobold demonologist (D:11)
  12 polar bears (IceCv)
  6 slime creatures (D:12)
  A two-headed ogre (D:10)
  7 blink frogs
  A troll (D:9)
  Sigmund (D:2)
  A shadow (D:11)
  6 hippogriffs
  A basilisk (D:7)
  32 yaks
  Grum (D:10)
  17 wolves
  A hippogriff (shapeshifter) (Lair:2)
  Menkaure (D:4)
  A steam dragon (D:8)
  A warg (D:11)
  8 water moccasins
  The ghost of radek the Conjurer, an amateur DECj (D:3)
  5 porcupines
  11 orc warriors
  2 necrophages
  A black bear (D:13)
  A phantom (D:10)
  13 ice beasts
  The ghost of Scarn the Ducker, an amateur DgGl (D:4)
  4 crocodiles
  5 sky beasts
  4 centaurs
  2 brain worms
  5 big kobolds
  9 giant frogs
  7 ogres
  A gnoll sergeant (D:10)
  3 scorpions
  3 wyvern skeletons
  Dowan (D:4)
  18 killer bees
  5 wights (D:8)
  A wasp zombie (D:8)
  4 hounds
  4 jellies
  10 crimson imps
  5 centaur zombies
  Crazy Yiuf (D:7)
  2 giant frog zombies
  4 orc priests
  A giant frog skeleton (D:8)
  12 worker ants
  11 orc wizards
  2 iguanas
  3 centaur skeletons
  3 sheep (Lair:1)
  A killer bee zombie (D:10)
  2 hound zombies
  2 hound skeletons
  2 worker ant zombies (D:11)
  Robin (D:2)
  4 gnolls (D:10)
  19 adders
  25 river rats
  5 shadow imps
  3 oozes
  5 adder skeletons
  3 worms
  49 orcs
  A ball python (D:1)
  6 bats
  6 giant cockroaches
  10 hobgoblins
  5 quokkas
  A ball python skeleton (D:6)
  4 giant geckos
  A giant gecko skeleton (D:6)
  6 giant newts
  12 goblins
  4 jackals (D:11)
  A jackal skeleton (D:4)
  30 kobolds
  16 rats
  A fungus (D:7)
516 creatures vanquished.

Vanquished Creatures (collateral kills)
  An ice dragon (D:11)
  The ghost of Dirtsage the Cleaver, a novice MiBe of Trog (Lair:1)
  An iron golem (D:11)
  A manticore (D:11)
  An ice statue (IceCv)
  A polar bear (IceCv)
  Eustachio (D:4)
  2 wargs (D:11)
  Duvessa (D:4)
  A black bear (D:11)
  A crimson imp (D:11)
  A hound (D:4)
  A jelly (D:11)
  An orc wizard (D:11)
  An iguana (Lair:1)
  3 sheep (Lair:1)
  An ooze (D:4)
  3 orcs (D:11)
23 creatures vanquished.

Vanquished Creatures (others)
  A quokka (D:4)
  2 fungi (Lair:2)
3 creatures vanquished.

Grand Total: 542 creatures vanquished

Notes
Turn   | Place    | Note
--------------------------------------------------------------
     0 | D:1      | glosham the Demonspawn Chaos Knight began the quest for the Orb.
     0 | D:1      | Reached XP level 1. HP: 18/18 MP: 1/1
   152 | D:1      | XOM: harmless Ice miscast
   232 | D:1      | Reached skill level 3 in Maces & Flails
   276 | D:1      | Gained mutation: You have sharp toenails. [demonic ancestry]
   276 | D:1      | Reached XP level 2. HP: 24/24 MP: 2/2
   540 | D:1      | XOM: divination: detect creatures
   601 | D:2      | XOM: harmless Erth miscast
   716 | D:2      | Gained mutation: You are partially covered in thin metallic scales (AC +2). [demonic ancestry]
   716 | D:2      | Reached XP level 3. HP: 24/29 MP: 3/3
   744 | D:2      | XOM: potion effect (invisibility)
   771 | D:2      | Noticed Robin
   778 | D:2      | Reached skill level 4 in Maces & Flails
   781 | D:2      | XOM: silly message
  1054 | D:2      | Found Zin's Purification Station.
  1056 | D:2      | Found a glowing silver altar of Zin.
  1079 | D:2      | Reached XP level 4. HP: 35/35 MP: 4/4
  1109 | D:2      | Killed Robin
  1219 | D:2      | XOM: harmless Trmt miscast
  1282 | D:2      | Noticed Sigmund
  1440 | D:2      | XOM: potion effect (haste)
  1453 | D:2      | Killed Sigmund
  1453 | D:2      | Reached skill level 6 in Maces & Flails
  1453 | D:2      | Reached XP level 5. HP: 5/41 MP: 5/5
  1489 | D:3      | Gained mutation: You are slightly more attuned to the shadows. [demonic ancestry]
  1489 | D:3      | Reached XP level 6. HP: 9/47 MP: 6/6
  1495 | D:3      | Noticed radek's ghost (amateur DECj)
  1838 | D:3      | XOM: divination: magic mapping
  1846 | D:3      | Killed radek's ghost
  2065 | D:3      | Found a faded altar to an unknown god.
  2145 | D:3      | XOM: harmless Chrm miscast
  2200 | D:3      | Found a sparkling altar of Nemelex Xobeh.
  2234 | D:3      | Reached skill level 7 in Maces & Flails
  2328 | D:3      | XOM: mild Ice miscast
  2340 | D:4      | XOM: divination: detect items
  2357 | D:4      | Noticed Menkaure
  2524 | D:4      | XOM: 4-stop teleportation journey
  2587 | D:4      | Noticed Duvessa
  2593 | D:4      | Noticed Dowan
  2596 | D:4      | XOM: enchant monster (good)
  2602 | D:4      | XOM: swap monsters
  2612 | D:4      | Killed Dowan
  2653 | D:4      | Gained mutation: You have razor-sharp toenails. [demonic ancestry]
  2653 | D:4      | Reached XP level 7. HP: 52/52 MP: 7/7
  2659 | D:4      | XOM: butterfly on damage
  2664 | D:4      | XOM: 4-stop teleportation journey
  2710 | D:4      | Noticed Scarn's ghost (amateur DgGl)
  2715 | D:4      | XOM: divination: detect items
  2736 | D:4      | Killed Scarn's ghost
  2808 | D:4      | Found a staircase to the Ecumenical Temple.
  2933 | D:4      | XOM: enchant monster (good)
  2938 | D:4      | XOM: vitrification
  2938 | D:4      | Found Huqixor's Assorted Antiques.
  2953 | D:4      | Killed Menkaure
  2953 | D:4      | Reached skill level 8 in Maces & Flails
  2981 | D:4      | Bought a scroll labeled SOOROO WOMI for 25 gold pieces
  2981 | D:4      | Bought a scroll labeled UBODOO TORAATT for 25 gold pieces
  3089 | D:4      | Noticed Pikel
  3089 | D:4      | XOM: swap monsters
  3100 | D:4      | Noticed Pikel
  3100 | D:4      | Pikel changed into Pikel the brain worm
  3100 | D:4      | XOM: polymorph Pikel -> Pikel the brain worm
  3103 | D:4      | Killed Pikel the brain worm
  3154 | D:4      | XOM: vitrification
  3232 | D:4      | Noticed Eustachio
  3250 | D:4      | XOM: summons friendly ice devil
  3251 | D:4      | Killed Eustachio
  3393 | D:4      | Killed Duvessa
  3393 | D:4      | Reached skill level 9 in Maces & Flails
  3393 | D:4      | Gained mutation: You have claws for feet. [demonic ancestry]
  3393 | D:4      | Reached XP level 8. HP: 52/58 MP: 8/8
  3606 | D:5      | Entered Level 5 of the Dungeon
  3858 | D:5      | XOM: give mutation
  3858 | D:5      | Gained mutation: You are robust (+10% HP). [Xom's grace]
  3939 | D:5      | XOM: enchant monster (good)
  4045 | D:5      | XOM: 6-stop teleportation journey
  4052 | D:5      | Found a shattered altar of Ashenzari.
  4138 | D:5      | Reached skill level 1 in Polearms
  4173 | D:5      | Reached skill level 2 in Polearms
  4316 | D:5      | Reached skill level 3 in Polearms
  4343 | D:5      | Gained mutation: You are very robust (+20% HP). [potion of beneficial mutation]
  4344 | D:5      | Gained mutation: You are covered in fur (AC +1). [potion of beneficial mutation]
  4403 | D:5      | XOM: harmless Hex miscast
  4463 | D:5      | XOM: mild Trmt miscast
  4490 | D:5      | Found an iron altar of Okawaru.
  4493 | D:5      | Found a radiant altar of Vehumet.
  4496 | D:5      | Found an ancient bone altar of Kikubaaqudgha.
  4710 | D:4      | Bought an encrusted bronze ring for 125 gold pieces
  4731 | D:4      | XOM: colour smoke trail
  4834 | D:6      | Reached skill level 4 in Polearms
  4877 | D:6      | XOM: give mutations
  4877 | D:6      | Gained mutation: You have a pair of small horns on your head. [Xom's mischief]
  4877 | D:6      | Gained mutation: Your spells are a little harder to cast, but a little more powerful. [Xom's mischief]
  4877 | D:6      | Lost mutation: You are very robust (+20% HP). [Xom's mischief]
  5237 | D:6      | Reached skill level 5 in Polearms
  5324 | D:5      | XOM: harmless Conj miscast
  5395 | D:5      | XOM: cast spell 'Ice Form'
  5737 | D:6      | Reached XP level 9. HP: 69/69 MP: 9/9
  5737 | D:6      | XOM: summons 1 hostile demon
  5759 | D:6      | Found a burning altar of Makhleb.
  5767 | D:6      | Fell from the grace of Xom
  5767 | D:6      | Became a worshipper of Makhleb the Destroyer
  5938 | D:6      | Reached skill level 6 in Polearms
  6146 | D:6      | Found a bloodstained altar of Trog.
  6289 | D:6      | XOM: medium Fire miscast
  6647 | D:7      | Found a deep blue altar of Sif Muna.
  6667 | D:7      | Reached skill level 7 in Polearms
  6781 | D:7      | Reached * piety under Makhleb
  6949 | D:7      | Found a blossoming altar of Fedhas.
  7004 | D:7      | XOM: give mutations
  7004 | D:7      | Gained mutation: You can translocate small distances at will. [Xom's mischief]
  7004 | D:7      | Lost mutation: You are robust (+10% HP). [Xom's mischief]
  7004 | D:7      | Lost mutation: You are covered in fur (AC +1). [Xom's mischief]
  7004 | D:7      | Gained mutation: You are clumsy. (Dex -2) [Xom's mischief]
  7379 | D:7      | Noticed Crazy Yiuf
  7383 | D:7      | Killed Crazy Yiuf
  7440 | D:7      | Reached skill level 8 in Polearms
  7482 | D:7      | XOM: polymorph centaur -> basilisk
  7487 | D:7      | Reached skill level 4 in Fighting
  7800 | D:8      | XOM: mild Chrm miscast
  7886 | D:8      | Found a stormy altar of Qazlal.
  7984 | D:8      | Reached skill level 9 in Polearms
  7984 | D:8      | Gained mutation: You are robust (+10% HP). [demonic ancestry]
  7984 | D:8      | Reached XP level 10. HP: 57/80 MP: 10/10
  8004 | D:8      | Reached skill level 5 in Fighting
  8095 | D:7      | XOM: summons 1 hostile demon
  8234 | D:8      | Reached ** piety under Makhleb
  8467 | D:8      | Reached skill level 10 in Polearms
  8524 | D:8      | Found a basalt altar of Yredelemnul.
  8550 | D:8      | Noticed a moth of wrath
  8551 | D:8      | Noticed Ijustatesigmund's ghost (novice DEWz)
  8564 | D:8      | Found a bloodstained altar of Trog.
  8566 | D:8      | Killed Ijustatesigmund's ghost
  8605 | D:8      | Killed a moth of wrath
  8867 | D:8      | Found a shattered altar of Ashenzari.
  8875 | D:8      | Reached skill level 11 in Polearms
  8959 | D:9      | Reached *** piety under Makhleb
  8976 | D:9      | You fall through a shaft!
  8976 | D:10     | Entered Level 10 of the Dungeon
  9006 | D:10     | XOM: medium Divn miscast
  9088 | D:10     | Noticed Grum
  9105 | D:10     | Killed Grum
  9282 | D:10     | XOM: medium Conj miscast
  9616 | D:10     | Reached XP level 11. HP: 61/86 MP: 11/11
  9711 | D:9      | Found a snail-covered altar of Cheibriados.
  9750 | D:9      | Reached skill level 12 in Polearms
  9864 | D:9      | XOM: harmless Hex miscast
  9882 | D:9      | Reached **** piety under Makhleb
 10621 | D:9      | Found a sacrificial altar of Ru.
 10732 | D:9      | XOM: medium Ice miscast
 10818 | D:10     | XOM: mild Ice miscast
 10853 | D:10     | Found a staircase to the Lair.
 10926 | D:10     | Killed an unseen horror
 10926 | D:10     | Reached skill level 1 in Invocations
 11076 | D:10     | Reached skill level 2 in Invocations
 11145 | D:10     | Learned a level 1 spell: Animate Skeleton
 11147 | D:10     | Learned a level 1 spell: Apportation
 11149 | D:10     | Learned a level 1 spell: Corona
 11291 | D:10     | Got a distressingly furry ring mail
 11302 | D:10     | Identified the cursed +1 ring mail "Isaofuf" {rF+ Int+5} (You found it on level 10 of the Dungeon)
 11330 | D:10     | Reached ***** piety under Makhleb
 11411 | Lair:1   | Entered Level 1 of the Lair of Beasts
 11452 | Lair:1   | Reached skill level 1 in Spellcasting
 11641 | Lair:1   | Noticed Dirtsage's ghost (novice MiBe)
 12129 | Lair:1   | Reached skill level 2 in Spellcasting
 12157 | Lair:1   | Reached skill level 3 in Spellcasting
 12205 | Lair:1   | XOM: mild Divn miscast
 12263 | Lair:1   | XOM: noise
 12283 | Lair:1   | Reached skill level 1 in Translocations
 12296 | Lair:1   | Reached skill level 2 in Translocations
 12297 | Lair:1   | Noticed a five-headed hydra
 12302 | Lair:1   | Killed a three-headed hydra
 12302 | Lair:1   | Reached skill level 3 in Translocations
 12437 | Lair:1   | Reached skill level 2 in Armour
 12437 | Lair:1   | Reached skill level 1 in Necromancy
 12504 | Lair:2   | Reached skill level 3 in Invocations
 12632 | Lair:2   | Reached skill level 13 in Polearms
 12637 | Lair:2   | XOM: summons 4 hostile shadow creatures
 12650 | Lair:2   | HP: 7/132 [komodo dragon[Xom] (9)]
 12655 | Lair:2   | HP: 10/132 [river rat (6)]
 12660 | Lair:2   | HP: 11/132 [river rat (2)]
 12914 | Lair:2   | Reached skill level 4 in Invocations
 12917 | Lair:2   | Noticed a six-headed hydra
 12959 | Lair:2   | Reached XP level 12. HP: 69/94 MP: 17/17
 13084 | Lair:2   | XOM: swap monsters
 13116 | Lair:2   | XOM: mild Tloc miscast
 13164 | Lair:2   | Reached skill level 5 in Invocations
 13217 | Lair:2   | Reached skill level 1 in Dodging
 13217 | Lair:2   | XOM: polymorph wolf -> ice beast
 13257 | Lair:2   | Noticed a seven-headed hydra
 13452 | D:9      | XOM: confusion
 13625 | D:2      | Bought a potion of curing for 90 gold pieces
 13832 | Lair:1   | Killed Dirtsage's ghost
 13868 | Lair:2   | Killed a four-headed hydra
 13868 | Lair:2   | Reached skill level 2 in Dodging
 13871 | Lair:2   | Killed a five-headed hydra
 14024 | D:11     | Noticed a five-headed hydra
 14036 | D:11     | Killed a four-headed hydra
 14049 | D:11     | Reached skill level 3 in Dodging
 14063 | D:11     | Noticed an ice dragon
 14077 | D:10     | Reached skill level 14 in Polearms
 14094 | D:10     | XOM: medium Air miscast
 14235 | D:11     | Killed an ice dragon
 14274 | D:11     | Reached skill level 4 in Dodging
 14400 | D:11     | XOM: noise
 14440 | D:11     | Noticed a seven-headed hydra
 14447 | D:11     | Killed a five-headed hydra
 14559 | D:11     | Found an iron altar of Okawaru.
 14568 | D:11     | XOM: medium Tloc miscast
 14636 | D:11     | Found a staircase to the Orcish Mines.
 14677 | D:11     | XOM: polymorph something unseen -> guardian serpent
 14895 | D:11     | HP: 4/94 [manticore/volley of spikes (14)]
 15688 | D:12     | Found a frozen archway.
 15698 | D:12     | Reached skill level 5 in Dodging
 15805 | D:12     | XOM: medium Trmt miscast
 15813 | D:12     | Reached XP level 13. HP: 89/101 MP: 18/18
 15924 | D:12     | Reached skill level 15 in Polearms
 15927 | D:12     | XOM: mild Ice miscast
 15934 | IceCv    | Entered an ice cave
 15962 | IceCv    | XOM: summons 5 hostile demons
 16101 | IceCv    | Reached ****** piety under Makhleb
 16646 | IceCv    | Noticed a frost giant
 16656 | IceCv    | Reached skill level 6 in Fighting
 16684 | IceCv    | XOM: draining
 16684 | IceCv    | Was forgiven by Xom
 16687 | IceCv    | Killed a frost giant
 16906 | D:10     | Lost mutation: You are clumsy. (Dex -2) [potion of cure mutation]
 16906 | D:10     | Lost mutation: You have a pair of small horns on your head. [potion of cure mutation]
 16906 | D:10     | Lost mutation: Your spells are a little harder to cast, but a little more powerful. [potion of cure mutation]
 16919 | D:10     | Gained mutation: You have supernaturally acute eyesight. [potion of beneficial mutation]
 17415 | D:12     | Reached skill level 16 in Polearms
 17772 | D:13     | Reached skill level 7 in Fighting
 17856 | D:13     | Found a gate to the Vaults.
 17888 | D:13     | HP: 10/105 [vault guard/long sword (3)]
 17888 | D:13     | Slain by a vault guard

Vault maps used:
D:1:      dpeg_arrival_solitude
D:2:      zin_purify, uniq_robin, uniq_sigmund
D:3:      nemelex_xobeh_ov_fountains_minmay, first_bread, ecumenical_altar_2,
          minivault_11, kennysheep_generic_room_9
D:4:      minmay_temple_entry_purple_smoke, serial_shops, shop, uniq_eustachio,
          uniq_duvessa, uniq_menkaure, uniq_pikel
D:5:      grunt_temple_overflow_diamond, basic_altar, minmay_misc_feat_rows,
          grunt_decor_clamped
D:6:      kennysheep_mini_moat, makhleb_grotto_becter, minivault_25
D:7:      lemuel_round_altar, grunt_ogre_cave, fedhas_altar_3,
          uniq_crazy_yiuf_cottage
D:8:      overflow_temple_1_default, hangedman_feature_mirror, tgw_trog
D:9:      overflow_temple_1_default, hangedman_ru_absence,
          hangedman_decor_points
D:10:     lair_0_dummy, uniq_grum
D:11:     cheibrodos_stairvault_heist, minmay_orc_entry_guard_dogs, basic_altar
D:12:     portal_ice_cave_entry_ice_beasts, lemuel_flame_loot_1
D:13:     erik_vaults_2, serial_shops, shop, uniq_snorg
Lair:1:   st_stairs_8, grunt_megastairs_4, bh_autumn_forest_stairs
Lair:2:   hangedman_lair_generics_rect, serial_bayou_shore_b
IceCv:    ice_cave_small_giant

Action                   |  1- 3 |  4- 6 |  7- 9 | 10-12 | 13-15 || total
-------------------------+-------+-------+-------+-------+-------++-------
Melee: Mace              |   139 |   154 |   358 |       |       ||   651
       Bardiche          |       |       |    65 |   622 |   333 ||  1020
       Dagger            |       |       |     8 |       |       ||     8
       Unarmed           |       |       |     4 |       |       ||     4
       Quarterstaff      |       |       |    49 |   183 |       ||   232
 Fire: Hunting sling     |       |       |     2 |     1 |       ||     3
       Blowgun           |       |       |       |    21 |    12 ||    33
 Cast: Animate Skeleton  |       |       |       |     9 |     8 ||    17
       Apportation       |       |       |       |     5 |    15 ||    20
Invok: Lesser Servant of |       |       |       |    13 |       ||    13
       Minor Destruction |       |       |       |     3 |       ||     3
 Abil: Blink             |       |       |       |     1 |       ||     1
Evoke: Wand              |       |       |       |     4 |     1 ||     5
  Use: Scroll            |     4 |     8 |    15 |    12 |       ||    39
       Potion            |       |     1 |     3 |     9 |     5 ||    18
 Stab: Sleeping          |     3 |    10 |    15 |    17 |     3 ||    48
       Invisible         |     3 |       |       |       |       ||     3
       Distracted        |       |     2 |       |     8 |     2 ||    12
       Paralysed         |       |     7 |     6 |       |       ||    13
       Petrifying        |       |     3 |       |       |       ||     3
       Petrified         |       |       |     1 |       |       ||     1
  Eat: Chunk             |     1 |     5 |    18 |    21 |     6 ||    51
       Fruit             |       |       |       |     7 |     1 ||     8
       Beef jerky        |       |       |       |     1 |       ||     1

Table legend:
 A = Turns spent in this place as a percentage of turns spent in the entire game.
 B = Non-inter-level travel turns spent in this place as a percentage of non-inter-level travel turns spent in the entire game.
 C = Inter-level travel turns spent in this place as a percentage of turns spent in this place.
 D = Turns resting spent in this place as a percentage of non-inter-level travel turns spent in this place.
 E = Turns spent auto-exploring this place as a percentage of non-inter-level travel turns spent in this place.
 F = Non-inter-level travel turns spent in this place divided by the number of levels of this place that you've seen.
                   A       B       C       D       E      F
               +-------+-------+-------+-------+-------+----------------------
         Total | 100.0 | 100.0 |   0.7 |   0.9 |   0.4 | 660.2
       Dungeon |  80.3 |  80.3 |   0.8 |   1.0 |   0.4 | 652.6
          Lair |  14.9 |  14.9 |   0.8 |   0.6 |   0.2 | 788.0
      Ice Cave |   4.7 |   4.8 |   0.0 |   1.2 |   0.4 | 504.0
               +-------+-------+-------+-------+-------+----------------------

Table legend:
 A = Kills in this place as a percentage of kills in entire the game.
 B = Kills by you in this place as a percentage of kills by you in the entire game.
 C = Kills by friends in this place as a percentage of kills by friends in the entire game.
 D = Other kills in this place as a percentage of other kills in the entire game.
 E = Experience gained in this place as a percentage of experience gained in the entire game.
 F = Experience gained in this place divided by the number of levels of this place that you have seen.
                   A       B       C       D       E      F
               +-------+-------+-------+-------+-------+----------------------
         Total | 100.0 | 100.0 | 100.0 |  -nan | 100.0 | 3592.8
       Dungeon |  78.5 |  78.9 |  69.6 |  -nan |  62.3 | 2752.8
          Lair |  14.8 |  14.5 |  21.7 |  -nan |  21.1 | 6056.0
      Ice Cave |   6.7 |   6.7 |   8.7 |  -nan |  16.7 | 9586.0
               +-------+-------+-------+-------+-------+----------------------

Vault maps used:
D:1:      dpeg_arrival_solitude
D:2:      zin_purify, uniq_robin, uniq_sigmund
D:3:      nemelex_xobeh_ov_fountains_minmay, first_bread, ecumenical_altar_2,
          minivault_11, kennysheep_generic_room_9
D:4:      minmay_temple_entry_purple_smoke, serial_shops, shop, uniq_eustachio,
          uniq_duvessa, uniq_menkaure, uniq_pikel
D:5:      grunt_temple_overflow_diamond, basic_altar, minmay_misc_feat_rows,
          grunt_decor_clamped
D:6:      kennysheep_mini_moat, makhleb_grotto_becter, minivault_25
D:7:      lemuel_round_altar, grunt_ogre_cave, fedhas_altar_3,
          uniq_crazy_yiuf_cottage
D:8:      overflow_temple_1_default, hangedman_feature_mirror, tgw_trog
D:9:      overflow_temple_1_default, hangedman_ru_absence,
          hangedman_decor_points
D:10:     lair_0_dummy, uniq_grum
D:11:     cheibrodos_stairvault_heist, minmay_orc_entry_guard_dogs, basic_altar
D:12:     portal_ice_cave_entry_ice_beasts, lemuel_flame_loot_1
D:13:     erik_vaults_2, serial_shops, shop, uniq_snorg
Lair:1:   st_stairs_8, grunt_megastairs_4, bh_autumn_forest_stairs
Lair:2:   hangedman_lair_generics_rect, serial_bayou_shore_b
IceCv:    ice_cave_small_giant
